 Dungeon Crawl Stone Soup version 0.22-a0-271-gc000056 (webtiles) character file.

54635 matakusis the Convoker (level 14, -3/61 HPs)
             Began as a Deep Elf Summoner on Mar 12, 2018.
             Was the Champion of Hepliaklqana.
             Slain by a merfolk
             ... wielding a +0 trident
              (14 damage)
             ... on level 2 of the Shoals.
             The game lasted 03:35:27 (26528 turns).

matakusis the Convoker (Deep Elf Summoner)         Turns: 26528, Time: 03:35:28

Health: -3/61      AC:  9    Str:  5    XL:     14   Next: 35%
Magic:  41/45      EV: 28    Int: 31    God:    Hepliaklqana [******]
Gold:   1532       SH:  0    Dex: 19    Spells: 2/46 levels left

rFire    . . .     SeeInvis +   u - staff of wizardry
rCold    . . .     Gourm    .   (no shield)
rNeg     . . .     Faith    .   t - +2 robe of Spring Thaw {*Slow rElec Int+5 SInv}
rPois    +         Spirit   .   Z - +1 hat
rElec    +         Reflect  .   V - +0 cloak
rCorr    .         Harm     .   p - +0 pair of gloves
MR       .....                  T - +1 pair of boots of Entitlement {rPois MR- Dex+4}
Stlth    ++........             S - amulet of the acrobat
HPRegen  0.00/turn              j - ring of wizardry
MPRegen  0.29/turn              B - ring "Lohoucro" {+Fly MP+9}

@: no status effects
A: reduced essence, horns 1, blurry vision 1, inhibited regeneration, sturdy
frame 1
a: Recall Ancestor, Ancestor Identity, Transference, Idealise, Renounce
Religion, Evoke Flight


You were on level 2 of the Shoals.
You worshipped Hepliaklqana.
Hepliaklqana was exalted by your worship.
You were not hungry.

You visited 4 branches of the dungeon, and saw 23 of its levels.
You visited the Abyss 1 time.
You also visited: Labyrinth.

You collected 1910 gold pieces.
You spent 378 gold pieces at shops.

Inventory:

Missiles
 b - 550 arrows
Armour
 p - a +0 pair of gloves (worn)
 t - the +2 robe of Spring Thaw (worn) {*Slow rElec Int+5 SInv}
   (You found it on level 5 of the Dungeon)

   It affects your intelligence (+5).
   It insulates you from electricity.
   It lets you see invisible.
   It may slow you when you take damage.
 T - the +1 pair of boots of Entitlement (worn) {rPois MR- Dex+4}
   (You found it in a labyrinth)

   It affects your dexterity (+4).
   It protects you from poison.
   It affects your resistance to hostile enchantments.
 V - a +0 cloak (worn)
 W - a +2 robe of fire resistance
 Z - a +1 hat (worn)
Magical Staves
 u - an uncursed staff of wizardry (weapon)
 H - an uncursed staff of air
 N - an uncursed staff of conjuration
Jewellery
 j - a ring of wizardry (left hand)
 o - an uncursed ring of fire
 B - the ring "Lohoucro" (right hand) {+Fly MP+9}
   (You bought it in a shop on level 8 of the Dungeon)

   [ring of magical power]

   It affects your magic capacity (+9).
   It lets you fly.
 G - an uncursed ring of fire
 K - an uncursed ring of poison resistance
 L - an uncursed ring of protection from cold
 S - an amulet of the acrobat (around neck)
Wands
 n - a wand of digging (37)
 r - a wand of random effects (57)
 x - a wand of iceblast (22)
 C - a wand of paralysis (60)
 F - a wand of flame (106)
 I - a wand of polymorph (33)
 O - a wand of enslavement (11)
 P - a wand of acid (21)
Scrolls
 e - a scroll of enchant weapon
 i - 5 scrolls of teleportation
 k - 6 scrolls of enchant armour
 m - 2 scrolls of blinking
 q - 2 scrolls of immolation
 s - 11 scrolls of remove curse
 w - 5 scrolls of fog
 y - 2 scrolls of magic mapping
 z - a scroll of brand weapon
 A - 6 scrolls of identify
 E - 3 scrolls of fear
Potions
 a - 2 potions of brilliance
 f - 2 potions of haste
 g - 2 potions of berserk rage
 h - 7 potions of might
 v - 4 potions of flight
 D - 3 potions of curing
 M - 2 potions of lignification
 Y - 5 potions of agility
Comestibles
 c - 43 rations


   Skills:
 - Level 1.2 Staves
 - Level 2.4 Dodging
 - Level 2.4 Stealth
 + Level 16.9 Spellcasting
 + Level 11.0 Hexes
 * Level 18.0 Summonings
 + Level 10.6 Ice Magic
 + Level 0.3 Earth Magic


You had 2 spell levels left.
You knew the following spells:

 Your Spells              Type           Power        Failure   Level  Hunger
a - Cause Fear            Hex            #######...   1%          4    None
b - Summon Demon          Summ           #######...   1%          5    None
c - Summon Ice Beast      Ice/Summ       #######.     1%          4    None
d - Summon Lightning Spi  Summ/Air       ######..     1%          4    None
e - Recall                Summ/Tloc      N/A          1%          3    None
f - Lee's Rapid Deconstr  Erth           ####......   11%         5    None
g - Airstrike             Air            ####......   4%          4    None
h - Passage of Golubria   Tloc           N/A          4%          4    None
i - Alistair's Intoxicat  Tmut/Pois      ####....     12%         5    None
j - Shadow Creatures      Summ           N/A          1%          6    ##.....


Dungeon Overview and Level Annotations

Branches:
Dungeon (14/15)            Temple (1/1) D:4            Lair (6/6) D:9
 Shoals (2/4) Lair:2        Snake (0/4) Lair:3        Slime (0/5) Lair:6
    Orc (0/2) D:12         Vaults (0/5) D:14

Altars:
Ashenzari
Cheibriados
Dithmenos
Elyvilon
Fedhas
Gozag
Hepliaklqana
Kikubaaqudgha
Makhleb
Nemelex Xobeh
Okawaru
Qazlal
Ru
Sif Muna
Trog
Uskayaw
Vehumet
Wu Jian
Xom
Yredelemnul
Zin
The Shining One
Jiyva

Shops:
D:5 }   D:8 =   D:12 [   Shoals:1 (

Annotations:
D:13 4 runed doors
Shoals:2 Louise


Innate Abilities, Weirdness & Mutations

Your life essence is reduced to manifest your ancestor. (-10% HP)
You have a pair of small horns on your head.
Scrolls take you a little longer to read.
You do not regenerate when monsters are visible.
Your movements are slightly less encumbered by armour. (ER -2)


Message History

Louise blinks!
The merfolk completely misses you. The water elemental closely misses you.
Casting: Summon Demon (safe; 1% risk of failure)
Confirm with . or Enter, or press ? or * to list all spells.
You open a gate to Pandemonium!
A demon appears!
The merfolk closely misses you. The water elemental hits you.
The water elemental engulfs you in water!
With effort, you pull free of the water engulfing you.
You gasp with relief as air once again reaches your lungs.
Louise screams!
Louise casts a spell at you.
The stone arrow hits Nindada.
Nindada is destroyed!
Your rust devil splashes around in the water.
The water elemental barely misses you.
There is a stone staircase leading up here.
Your rust devil hits the water elemental.
Your rust devil corrodes the water elemental!
The merfolk hits you from afar with a trident!
You die...

≈≈≈≈....P.....≈.≈≈≈≈
≈≈≈≈..≈≈.....≈≈.≈≈≈≈≈≈≈≈
≈≈≈≈≈≈....#.....≈≈≈≈≈≈≈≈
≈≈≈≈≈≈......P...≈P≈≈≈≈≈≈
≈≈≈≈≈≈P≈.....≈≈≈P≈≈≈≈≈≈≈≈
≈≈≈≈≈≈≈.......P.≈P≈≈≈≈≈≈≈≈
≈≈≈≈≈≈.......PPP.≈P≈≈≈≈≈≈≈
≈≈≈≈...P.....##..≈≈≈P≈≈≈≈≈
≈≈≈...##P.P.###P@≈PP≈≈≈≈≈≈
≈≈≈...##....##PPEP≈≈≈≈≈≈≈≈
≈........)<##..m≈4≈≈P≈≈≈≈≈
..............≈≈≈P≈P≈≈≈≈≈
.##.....##.≈...≈≈≈≈≈≈≈≈≈≈
##....#....((P÷≈≈≈PP≈≈≈
#.........##@≈P≈≈≈≈P≈P
######...###..≈≈≈≈≈≈≈≈
#...(# #..≈≈≈..≈≈≈


You could see Louise, a merfolk, a water elemental and a friendly rust devil.

Vanquished Creatures
  An unseen horror (Abyss:2)
  3 bullfrogs
  A hexer (D:14)
  An iguana (D:6)
  A worker ant (D:9)
  A hound skeleton (D:4)
  A worker ant zombie (D:10)
  An adder (D:4)
  A leopard gecko (D:3)
  An orc (D:6)
  A bat (D:2)
  A giant cockroach (D:2)
  2 goblins
  2 hobgoblins (D:3)
  3 jackals
  2 kobolds (D:2)
  A quokka (D:2)
  A leopard gecko zombie (D:7)
  A rat (D:3)
26 creatures vanquished.

Vanquished Creatures (collateral kills)
  Gastronok (Lair:3)
  A tentacled starspawn (Abyss:2)
  2 azure jellies (Lair:6)
  A minotaur (Lab)
  A merfolk javelineer (Shoals:1)
  A green death (Abyss:2)
  Josephine (D:10)
  Harold (D:10)
  A great orb of eyes (Abyss:2)
  8 hydras
  4 vault guards (D:14)
  4 centaur warriors
  2 merfolk avatars (Shoals:1)
  A death knight (D:14)
  2 two-headed ogres
  2 tengu warriors (D:13)
  6 death yaks (Lair:5)
  A thrashing horror (Abyss:2)
  A large abomination (Abyss:2)
  A wretched star (Abyss:2)
  A sun demon (Abyss:2)
  Nergalle (Lair:2)
  A shadow demon (Abyss:2)
  2 sixfirhies (Abyss:2)
  4 sea snakes
  2 unseen horrors
  A wizard (Abyss:2)
  An orange crystal statue (D:10)
  9 harpies (Shoals:1)
  A deep elf mage (Abyss:2)
  A wolf spider zombie (D:13)
  4 manticores
  6 ugly things
  9 fauns (Shoals:1)
  5 cyclopes
  3 merfolk sirens
  2 water nymphs (Shoals:1)
  3 black mambas
  11 elephants
  A smoke demon (Abyss:2)
  An orange demon (Abyss:2)
  4 komodo dragons
  An ice statue (D:11)
  6 spiny frogs
  4 centaur skeletons
  A hellion (Abyss:2)
  A hellwing (Abyss:2)
  An efreet (D:14)
  2 rime drakes
  An ancient zyme (Abyss:2)
  A merfolk (Shoals:1)
  2 trolls (D:13)
  3 polar bears (Lair:6)
  Prince Ribbit (D:5)
  4 dream sheep (Lair:6)
  5 hippogriffs
  4 hornets (Lair:6)
  13 blink frogs
  A meliai zombie (D:12)
  5 snapping turtles
  3 water elementals
  A vampire (D:14)
  49 yaks
  12 spriggans (Lair:6)
  8 wraiths
  A neqoxec (Abyss:2)
  9 hungry ghosts
  A basilisk (D:11)
  3 nagas (Lair:3)
  3 ice beasts
  6 water moccasins
  A hell hound (Abyss:2)
  8 porcupines
  A hornet zombie (D:7)
  6 orc warriors
  5 black bears
  2 eyes of draining
  3 sky beasts
  A necrophage (D:13)
  5 ogres
  4 phantoms
  3 boggarts (Lair:6)
  22 wolves
  12 centaurs
  12 crocodiles
  3 big kobolds
  15 bullfrogs
  An earth elemental (Lab)
  6 small abominations (Abyss:2)
  A water moccasin zombie (D:7)
  A wyvern skeleton (D:14)
  4 scorpions
  12 killer bees
  12 wights
  8 howler monkeys
  3 quasits
  A bullfrog zombie (D:13)
  7 centaur zombies
  7 crimson imps
  10 hounds
  7 jellies
  2 gnoll shamans
  5 orc priests
  12 orc wizards
  Natasha (thrice) (D:2)
  7 worker ants
  A statue (D:6)
  A killer bee zombie (D:6)
  2 hound skeletons
  2 worker ant zombies
  A howler monkey zombie (D:7)
  8 adders
  25 gnolls
  A howler monkey skeleton (D:3)
  6 shadow imps
  2 adder zombies
  2 worms
  A dart slug (D:2)
  4 leopard geckos
  67 orcs
  2 ball pythons
  5 bats
  5 giant cockroaches
  6 goblins
  5 hobgoblins
  9 jackals
  4 quokkas
  5 frilled lizards
  12 kobolds
  8 rats
  10 fungi
  A plant (Lair:6)
674 creatures vanquished.

Vanquished Creatures (others)
  26 hexers
  2 ancestors
  5 fungi
  6 starspawn tentacles (Abyss:2)
39 creatures vanquished.

Grand Total: 739 creatures vanquished

Notes
Turn   | Place    | Note
-------+----------+-------------------------------------------
     0 | D:1      | matakusis the Deep Elf Summoner began the quest for the Orb.
     0 | D:1      | Reached XP level 1. HP: 10/10 MP: 6/6
   844 | D:1      | Reached XP level 2. HP: 15/15 MP: 4/8
   848 | D:1      | Learned a level 2 spell: Call Imp
  1241 | D:2      | Reached skill level 5 in Summonings
  1291 | D:2      | Found an opulent altar of Gozag.
  1360 | D:2      | Reached XP level 3. HP: 14/19 MP: 6/10
  1932 | D:2      | Reached XP level 4. HP: 24/24 MP: 12/12
  1938 | D:2      | Learned a level 4 spell: Summon Ice Beast
  1943 | D:2      | Learned a level 4 spell: Summon Lightning Spire
  1983 | D:2      | Noticed a phantom
  2034 | D:2      | Killed a phantom
  2034 | D:2      | Reached skill level 6 in Summonings
  2274 | D:2      | Noticed Natasha
  2278 | D:2      | Killed Natasha
  2382 | D:2      | Reached XP level 5. HP: 28/28 MP: 8/13
  2390 | D:2      | Found an iron altar of Okawaru.
  2492 | D:2      | Noticed Natasha
  2495 | D:2      | Killed Natasha
  2508 | D:2      | Noticed Natasha
  2518 | D:2      | Killed Natasha
  4075 | D:3      | Reached skill level 5 in Spellcasting
  4531 | D:4      | Found a staircase to the Ecumenical Temple.
  4542 | Temple   | Entered the Ecumenical Temple
  4588 | Temple   | Became a worshipper of Hepliaklqana the Forgotten
  4668 | D:4      | Found a glowing silver altar of Zin.
  4877 | D:4      | Reached skill level 7 in Summonings
  4897 | D:4      | Reached XP level 6. HP: 22/28 MP: 5/16
  5115 | D:5      | Entered Level 5 of the Dungeon
  5115 | D:5      | Noticed Prince Ribbit
  5128 | D:5      | Killed Prince Ribbit
  5403 | D:5      | Got a brightly glowing robe
  5414 | D:5      | Identified the +2 robe of Spring Thaw {*Slow rElec Int+5 SInv} (You found it on level 5 of the Dungeon)
  5521 | D:5      | Reached XP level 7. HP: 32/32 MP: 8/18
  5549 | D:5      | Reached skill level 8 in Summonings
  5569 | D:5      | Found Nieclad's Gadget Emporium.
  5725 | D:5      | Reached * piety under Hepliaklqana
  5823 | D:6      | Found a shadowy altar of Dithmenos.
  5831 | D:6      | Reached skill level 1 in Ice Magic
  5933 | D:6      | Found a radiant altar of Vehumet.
  6187 | D:6      | Reached XP level 8. HP: 36/36 MP: 1/21
  6187 | D:6      | Reached skill level 9 in Summonings
  7159 | D:7      | Found an opulent altar of Gozag.
  7364 | D:7      | Reached skill level 10 in Summonings
  7435 | D:7      | Reached ** piety under Hepliaklqana
  7436 | D:7      | Remembered your ancestor Nindada as a hexer
  7987 | D:8      | Reached XP level 9. HP: 13/40 MP: 10/24
  8354 | D:8      | Found Feggein's Jewellery Shop.
  8365 | D:8      | Bought the ring "Lohoucro" {+Fly MP+9} for 378 gold pieces
  8449 | D:8      | Learned a level 4 spell: Cause Fear
  8778 | D:9      | Found a staircase to the Lair.
  8798 | D:9      | Reached skill level 5 in Ice Magic
  8848 | D:9      | Reached skill level 1 in Hexes
  8850 | D:9      | Reached *** piety under Hepliaklqana
  8857 | D:9      | Reached skill level 11 in Summonings
  9181 | D:9      | Reached skill level 10 in Spellcasting
  9544 | D:9      | Found an ornate altar of the Wu Jian Council.
  9545 | D:9      | Found a blossoming altar of Fedhas.
  9821 | D:10     | Entered Level 10 of the Dungeon
  9827 | D:10     | Found a runed door.
  9833 | D:10     | Noticed Harold
  9850 | D:10     | Killed Harold
  9891 | D:10     | Reached XP level 10. HP: 45/45 MP: 12/26
  9947 | D:10     | Found a runed door.
  9963 | D:10     | Found a runed door.
  9982 | D:10     | Found a runed door.
 10167 | D:10     | Noticed Josephine
 10174 | D:10     | Killed Josephine
 10174 | D:10     | Reached skill level 1 in Staves
 10175 | D:10     | Reached skill level 12 in Summonings
 10348 | D:10     | Noticed an unseen horror
 10375 | D:10     | Killed an unseen horror
 10562 | D:10     | Noticed an orange crystal statue
 11162 | D:10     | Noticed a two-headed ogre
 11164 | D:10     | Noticed a gargoyle
 11329 | D:10     | Killed an orange crystal statue
 11445 | D:11     | Reached **** piety under Hepliaklqana
 11816 | D:11     | Noticed an ice statue
 11863 | D:11     | Killed an ice statue
 11890 | D:11     | Reached skill level 5 in Hexes
 11908 | D:11     | Identified a scroll of acquirement
 11908 | D:11     | Identified the Reference Book on the Traveller (You acquired it on level 11 of the Dungeon)
 11916 | D:11     | Learned a level 3 spell: Recall
 11920 | D:11     | Got an iridescent battleaxe
 11921 | D:11     | Identified the +6 battleaxe "Ruloq" {holy, rElec Stlth+} (You found it on level 11 of the Dungeon)
 12120 | D:11     | Found a burning altar of Makhleb.
 12766 | D:12     | Noticed a cyclops
 12775 | D:12     | Killed a cyclops
 12888 | D:12     | Reached skill level 13 in Summonings
 12933 | D:12     | Found Narop's Armour Shop.
 12947 | D:12     | Reached XP level 11. HP: 42/48 MP: 29/29
 13309 | D:12     | Found a staircase to the Orcish Mines.
 13636 | D:12     | Noticed a two-headed ogre
 13648 | D:12     | Killed a two-headed ogre
 13958 | D:13     | Reached ***** piety under Hepliaklqana
 13958 | D:13     | Found a labyrinth entrance.
 13967 | D:13     | Found a huge runed gate.
 13967 | D:13     | Found a huge runed gate.
 13967 | D:13     | Found a huge runed gate.
 13967 | D:13     | Found a huge runed gate.
 13973 | Lab      | Entered a labyrinth
 15314 | Lab      | Noticed a minotaur
 15329 | Lab      | Killed a minotaur
 15394 | Lab      | Got a pair of twisted boots
 15405 | Lab      | Identified the +1 pair of boots of Entitlement {rPois MR- Dex+4} (You found it in a labyrinth)
 15428 | D:13     | Noticed a death yak
 15482 | D:13     | Noticed a centaur warrior
 15491 | D:13     | Killed a centaur warrior
 15552 | D:13     | Noticed a centaur warrior
 15571 | D:13     | Killed a centaur warrior
 15631 | D:13     | Noticed a two-headed ogre
 15638 | D:13     | Killed a two-headed ogre
 16123 | D:13     | Noticed a tengu warrior
 16126 | D:13     | Killed a tengu warrior
 16126 | D:13     | Reached skill level 14 in Summonings
 16131 | D:13     | Noticed a tengu warrior
 16138 | D:13     | Killed a tengu warrior
 16205 | D:13     | Noticed a brown ugly thing
 16215 | D:13     | Killed a brown ugly thing
 16514 | D:14     | Noticed a centaur warrior
 16521 | D:14     | Killed a centaur warrior
 16570 | D:14     | Noticed a centaur warrior
 16581 | D:14     | Killed a centaur warrior
 16641 | D:14     | Reached XP level 12. HP: 53/53 MP: 31/31
 17061 | D:14     | Noticed a vault guard
 17078 | D:14     | Killed a vault guard
 17143 | D:14     | Noticed a death knight
 17143 | D:14     | Noticed a vault guard
 17153 | D:14     | Killed a vault guard
 17165 | D:14     | Killed a death knight
 17169 | D:14     | Reached skill level 15 in Summonings
 17363 | D:14     | Found a gate to the Vaults.
 17367 | D:14     | Noticed a vault guard
 17375 | D:14     | Noticed a vault guard
 17382 | D:14     | Killed a vault guard
 17392 | D:14     | Killed a vault guard
 17791 | D:13     | Gained mutation: You tend to lose your temper in combat. [potion of mutation]
 17791 | D:13     | Gained mutation: Your muscles are strong. (Str +2) [potion of mutation]
 17891 | Lair:1   | Entered Level 1 of the Lair of Beasts
 18862 | Lair:2   | Found a staircase to the Shoals.
 19296 | Lair:2   | Noticed Nergalle
 19306 | Lair:2   | Killed Nergalle
 19483 | Lair:3   | Found a staircase to the Snake Pit.
 19615 | Lair:3   | Noticed a seven-headed hydra
 19806 | Lair:3   | Killed a seven-headed hydra
 19825 | Lair:3   | Noticed Gastronok
 19840 | Lair:3   | Killed Gastronok
 20359 | Lair:4   | Noticed a six-headed hydra
 20368 | Lair:4   | Killed a six-headed hydra
 20383 | Lair:4   | Reached skill level 15 in Spellcasting
 20484 | Lair:4   | Reached XP level 13. HP: 51/56 MP: 19/34
 20537 | Lair:4   | Reached skill level 16 in Summonings
 21003 | Lair:4   | Lost mutation: Your muscles are strong. (Str +2) [potion of mutation]
 21003 | Lair:4   | Lost mutation: You tend to lose your temper in combat. [potion of mutation]
 21003 | Lair:4   | Gained mutation: You do not regenerate when monsters are visible. [potion of mutation]
 21003 | Lair:4   | Gained mutation: You have a pair of small horns on your head. [potion of mutation]
 21003 | Lair:4   | Gained mutation: Scrolls take you a little longer to read. [potion of mutation]
 21003 | Lair:4   | Gained mutation: Your movements are slightly less encumbered by armour. (ER -2) [potion of mutation]
 21393 | Lair:5   | Reached skill level 10 in Hexes
 21826 | Lair:6   | Entered Level 6 of the Lair of Beasts
 21963 | Lair:6   | Found a runed door.
 21964 | Lair:6   | Found a viscous altar of Jiyva.
 21964 | Lair:6   | Noticed an azure jelly
 21969 | Lair:6   | Found a staircase to the Slime Pits.
 21969 | Lair:6   | Noticed an azure jelly
 22329 | Lair:6   | Reached skill level 10 in Ice Magic
 22461 | Lair:6   | HP: 1/56 [wolf (7)]
 22831 | Lair:6   | Reached skill level 17 in Summonings
 23508 | Lair:6   | Killed an azure jelly
 23508 | Lair:6   | Killed an azure jelly
 23909 | Shoals:1 | Entered Level 1 of the Shoals
 24390 | Shoals:1 | Learned a level 5 spell: Lee's Rapid Deconstruction
 24634 | Shoals:1 | Reached XP level 14. HP: 61/61 MP: 34/36
 24680 | Shoals:1 | Learned a level 4 spell: Airstrike
 24681 | Shoals:1 | Found Omnaevuc's Antique Weapon Shop.
 24698 | Shoals:1 | Reached ****** piety under Hepliaklqana
 24709 | Shoals:1 | Learned a level 4 spell: Passage of Golubria
 25250 | Shoals:2 | Noticed Louise
 25602 | Shoals:2 | Cast into level 2 of the Abyss (Louise)
 25938 | Abyss:2  | Learned a level 5 spell: Alistair's Intoxication
 26059 | Abyss:2  | Noticed a tentacled starspawn
 26065 | Abyss:2  | Killed a tentacled starspawn
 26073 | Abyss:2  | Noticed a tentacled starspawn
 26099 | Abyss:2  | Learned a level 6 spell: Shadow Creatures
 26107 | Abyss:2  | Learned a level 5 spell: Summon Demon
 26364 | Abyss:2  | Reached skill level 18 in Summonings
 26524 | Shoals:2 | Escaped the Abyss
 26528 | Shoals:2 | Slain by a merfolk

Vault maps used:
D:1:      kilobyte_arrival_exit_the_forest
D:2:      okawaru_altar_gauntlet_db, grunt_gozag_statues, uniq_natasha
D:4:      old_standard_altar, minmay_temple_entry_statues_pillars
D:5:      kennysheep_spiral_hall, first_ration, serial_shops,
          nicolae_shop_temple_entry_statues_fountains, uniq_prince_ribbit1
D:6:      nicolae_dithmenos_the_darkroom, vehumet_statue
D:7:      kennysheep_mini_moat
D:8:      serial_shops, shop
D:9:      gammafunk_temple_overflow_statue, dpeg_oklobed_lair
D:10:     blue_anna_alchemist, minmay_statue_crystal_thing, uniq_josephine,
          uniq_harold
D:11:     minivault_15, bloody_makhleb
D:12:     hiddenorc2_lemuel, serial_shops, shop, due_unseen_surprise
D:13:     lemuel_bear_cage, lab_entry_generic
D:14:     lightli_vaults_fourway_checkpoint
Temple:   eino_wide_crystal_templ
Lair:2:   minmay_shoals_entry_hut, lemuel_fruit_tree, uniq_nergalle
Lair:3:   minmay_snake_entry_guardpost_small, uniq_gastronok
Lair:4:   st_stairs_12, serial_bayou_shore_b
Lair:6:   minmay_lair_end_enchanted_forest, slime_altar_2, lemuel_fruit_fields
Shoals:1: serial_shops, shop
Shoals:2: nicolae_alphabet_shops, uniq_louise
Lab:      nicolae_lab_statue, nicolae_lab_do_over, nicolae_lab_checkerboard,
          lab_block, nicolae_lab_stuck, nicolae_lab_garden

Skill      XL: |  1  2  3  4  5  6  7  8  9 10 11 12 13 14 |
---------------+-------------------------------------------+-----
Summonings     | 5 6 7 8 10 11 13 14 15 17 18 | 18.0
Spellcasting   | 4 5 6 7 9 10 12 13 15 16 | 16.9
Ice Magic      | 2 4 6 7 8 9 10 | 10.6
Hexes          | 3 5 7 9 10 11 | 11.0
Staves         | 1 |  1.2
Dodging        | |  2.4
Stealth        | |  2.4
Earth Magic    | |  0.3

Action                   |  1- 3 |  4- 6 |  7- 9 | 10-12 | 13-15 || total
-------------------------+-------+-------+-------+-------+-------++-------
Melee: Unarmed           |     6 |       |       |       |       ||     6
       Short sword       |    20 |    11 |       |       |       ||    31
       Dagger            |       |    40 |    29 |       |       ||    69
       Staff             |       |       |     4 |    40 |     4 ||    48
 Cast: Summon Small Mamm |    20 |       |       |       |       ||    20
       Call Imp          |    23 |    39 |    11 |     2 |     7 ||    82
       Summon Lightning  |       |    12 |    48 |   138 |   101 ||   299
       Summon Ice Beast  |       |     6 |    73 |   176 |   154 ||   409
       Cause Fear        |       |       |     2 |    17 |    10 ||    29
       Lee's Rapid Decon |       |       |       |       |     4 ||     4
       Summon Demon      |       |       |       |       |    11 ||    11
       Shadow Creatures  |       |       |       |       |     2 ||     2
       Passage of Golubr |       |       |       |       |     2 ||     2
Invok: Recall Ancestor   |       |       |     3 |     7 |     2 ||    12
       Ancestor Life: He |       |       |     1 |       |       ||     1
 Abil: Evoke Flight      |       |       |     1 |     1 |       ||     2
Evoke: Wand              |       |       |       |     1 |       ||     1
  Use: Scroll            |     4 |     9 |     7 |    16 |     4 ||    40
       Potion            |       |       |     4 |     8 |     9 ||    21
 Stab: Distracted        |     1 |     1 |     2 |     1 |       ||     5
       Sleeping          |     3 |     2 |       |       |       ||     5
  Eat: Chunk             |     4 |    10 |    15 |    23 |    16 ||    68
       Ration            |       |     1 |       |     3 |     1 ||     5
Armor: Robe              |    21 |    17 |    14 |    30 |    24 ||   106
Dodge: Dodged            |    31 |    55 |    51 |    85 |   127 ||   349

Table legend:
 A = Spawn XP
 B = Non-spawn XP
 C = Spawn XP percentage of total XP
 D = Spawn monster count
 E = Non-spawn monster count
 F = Spawn count percentage of total count
 G = Total turns spent on level
                    A         B        C        D         E        F      G
               +---------+---------+-------+---------+---------+-------+---------
         Total |    6331 |   71719 |   8.1 |      22 |     666 |   3.2 | 26528
               +---------+---------+-------+---------+---------+-------+---------
           D:1 |       0 |      13 |   0.0 |       0 |      13 |   0.0 |  1149
           D:2 |       0 |     237 |   0.0 |       0 |      46 |   0.0 |  2492
           D:3 |       0 |      56 |   0.0 |       0 |      22 |   0.0 |   751
           D:4 |       0 |      79 |   0.0 |       0 |      14 |   0.0 |   669
           D:5 |       0 |     463 |   0.0 |       0 |      16 |   0.0 |   647
           D:6 |       0 |     710 |   0.0 |       0 |      27 |   0.0 |   918
           D:7 |       0 |     946 |   0.0 |       0 |      33 |   0.0 |  1176
           D:8 |       0 |     687 |   0.0 |       0 |      33 |   0.0 |   841
           D:9 |       0 |    1760 |   0.0 |       0 |      36 |   0.0 |  1144
          D:10 |       0 |    3001 |   0.0 |       0 |      24 |   0.0 |  1675
          D:11 |       0 |    2328 |   0.0 |       0 |      33 |   0.0 |  1420
          D:12 |       0 |    2104 |   0.0 |       0 |      45 |   0.0 |  1103
          D:13 |       0 |    6396 |   0.0 |       0 |      53 |   0.0 |  1135
          D:14 |       0 |    8671 |   0.0 |       0 |      45 |   0.0 |  1265
        Lair:1 |       0 |    1899 |   0.0 |       0 |      18 |   0.0 |   636
        Lair:2 |       0 |    1592 |   0.0 |       0 |       9 |   0.0 |   968
        Lair:3 |       0 |    3293 |   0.0 |       0 |      14 |   0.0 |   694
        Lair:4 |       0 |    5161 |   0.0 |       0 |      31 |   0.0 |   945
        Lair:5 |       0 |    6415 |   0.0 |       0 |      31 |   0.0 |   769
        Lair:6 |       0 |   11322 |   0.0 |       0 |      70 |   0.0 |  2006
      Shoals:1 |       0 |   10409 |   0.0 |       0 |      35 |   0.0 |  1615
      Shoals:2 |       0 |    1111 |   0.0 |       0 |       5 |   0.0 |    82
       Abyss:2 |    6331 |    1891 |  77.0 |      22 |       6 |  78.6 |   922
           Lab |       0 |    1175 |   0.0 |       0 |       7 |   0.0 |  1452
               +---------+---------+-------+---------+---------+-------+---------
